 Dungeon Crawl Stone Soup version 0.30-a0-297-g0ec75d9ef4 (webtiles) character file.

Game seed: 4753887203913107492

683 NinjaNoafa the Cutter (level 7, -4/78 HPs)
             Began as a Merfolk Gladiator on Oct 19, 2022.
             Slain by an orc
             ... wielding a +0 trident
              (6 damage)
             ... on level 5 of the Dungeon.
             The game lasted 00:13:11 (4857 turns).

NinjaNoafa the Cutter (Merfolk Gladiator)           Turns: 4857, Time: 00:13:12

Health: -4/78      AC: 23    Str: 14    XL:     7   Next: 61%
Magic:  7/7        EV:  2    Int:  7    God:
Gold:   216        SH:  0    Dex: 18    Spells: 6/6 levels left

rFire   . . .      SeeInvis +    a - +0 rapier
rCold   . . .      Faith    .    (no shield)
rNeg    . . .      Spirit   .    (body armour currently unavailable)
rPois   +          Reflect  .    (helmet currently unavailable)
rElec   .          Harm     .    (cloak currently unavailable)
rCorr   .          Rampage  .    (gloves currently unavailable)
Will    .....      NoTele   +    (boots currently unavailable)
Stlth   +++.......               (no amulet)
HPRegen 0.33/turn                i - ring of see invisible
MPRegen 0.10/turn                u - ring of poison resistance

@: mighty, tree-form
A: stationary, stasis, torment immunity, boosted hp, (nimble swimmer 2),
(mertail)
a: no special abilities


You were on level 5 of the Dungeon.
You were a tree.
You visited 1 branch of the dungeon, and saw 5 of its levels.

You collected 216 gold pieces.

Inventory:

Hand Weapons
 a - a +0 rapier (weapon)
Missiles
 d - a throwing net (quivered)
 g - 39 stones
 r - a poisoned dart
 y - 2 boomerangs
Armour
 c - a +0 helmet (melded)
 k - a +1 leather armour of willpower (melded)
 p - a +1 pair of gloves (melded)
 v - a scarf of shadows (melded)
Jewellery
 i - a ring of see invisible (left branch)
 n - a +6 ring of intelligence
 u - a ring of poison resistance (right branch)
Wands
 e - a wand of roots (9)
 l - a wand of light (11)
 z - a wand of flame (22)
Scrolls
 h - a scroll of amnesia
 j - a scroll of blinking
 m - a scroll of poison
 s - a scroll of enchant weapon
 t - 2 scrolls of teleportation {unknown}
 x - a scroll of noise {unknown}
Potions
 w - 3 potions of brilliance


   Skills:
 - Level 3.0 Fighting
 - Level 7.0 Short Blades
 - Level 2.0 Throwing
 + Level 6.0 Dodging
 + Level 5.8 Stealth


You had 6 spell levels left.
You didn't know any spells.
Your spell library contained the following spells:

 Spells                   Type           Power      Damage    Failure   Level
 Sandblast                Erth           0%         2d4       43%         1
 Slow                     Hex            0%         N/A       43%         1
 Cigotuvi's Dreadful Rot  Necr/Pois/Air  0%         N/A       56%         2
 Passwall                 Tmut/Erth      0%         N/A       56%         2
 Confusing Touch          Hex            0%         N/A       80%         3
 Dazzling Flash           Conj/Hex       0%         N/A       80%         3
 Frozen Ramparts          Ice            0%         1d1       80%         3
 Stone Arrow              Conj/Erth      0%         3d7       80%         3
 Vampiric Draining        Necr           0%         2d6       80%         3
 Dispel Undead            Necr           0%         3d6       99%         4
 Ice Form                 Ice/Tmut       0%         N/A       99%         4
 Iskenderun's Mystic Bla  Conj/Tloc      0%         2d3       99%         4
 Summon Ice Beast         Ice/Summ       0%         N/A       99%         4
 Death Channel            Necr           0%         N/A       100%        6
 Starburst                Conj/Fire      0%         6d3       100%        6


Dungeon Overview and Level Annotations

Branches:
Dungeon (5/15)
 Temple: D:4-7

Altars:
Hepliaklqana
Makhleb
Nemelex Xobeh
Vehumet


Innate Abilities, Weirdness & Mutations

You are a tree.
Your roots penetrate the ground, keeping you stationary.
You cannot be teleported.
You are immune to unholy pain and torment.
Your maximum health is greatly increased.
Your equipment is partially melded.
((You are very nimble when in or above water. (Stealth+, EV+, Speed+++)))
((Your lower body shifts to a powerful aquatic tail in water.))


Message History

The orc closely misses you.
It was a potion of lignification.
You turn into a tree.
Your scarf of shadows melds into your body.
Your +0 helmet melds into your body.
Your +1 pair of gloves melds into your body.
Your +1 leather armour of willpower melds into your body.
The dungeon's light returns to normal.
You feel less strong-willed.
Your roots penetrate the ground.
The orc hits you but does no damage. The orc priest hits you with a +0 mace.
The orc wizard points at you and mumbles some strange words.
You resist with some effort. The orc barely misses you.
It was a potion of might.
You feel very mighty all of a sudden. The orc hits you but does no damage.
The orc priest hits you but does no damage.
The orc wizard hits you but does no damage.
The orc hits you with a +0 mace.
You hit the orc.
You kill the orc!
The orc priest invokes the aid of Beogh against you.
Beogh smites you!
The orc wizard hits you but does no damage.
The orc hits you but does no damage.
You barely miss the orc priest. The orc priest hits you with a +0 mace.
The orc hits you but does no damage.
The orc wizard hits you but does no damage.
You hit the orc priest.
The orc priest is lightly wounded.
The orc priest calls down the wrath of Beogh upon you.
Beogh smites you!
* * * LOW HITPOINT WARNING * * *
The orc hits you but does no damage.
The orc wizard hits you with a +0 dagger.
* * * LOW HITPOINT WARNING * * *
You feel better.
The orc priest invokes the aid of Beogh against you.
Beogh smites you!
* * * LOW HITPOINT WARNING * * *
The orc hits you from afar with a +0 trident.
You die...

# #. # #.~~≈≈~#
#. .# #.~≈≈~~# #.
.######.~≈≈~## #.
.. ....#~~≈≈~##
###.##.
....~≈≈~~#. ..o..
#.~~≈≈~##. #o)# #
#.~≈≈~~..)
.#####♣##.#
#.~≈≈~.###
#.....o)...#
#.~)~~....
#######.####
#.#####.## #.#
#.#####.#
#.#######.......#
#................
#################


You could see an orc priest, an orc wizard (invisible) and an orc.

Vanquished Creatures
  A black bear (D:4)
  A centaur (D:5)
  A necrophage (D:5)
  A scorpion (D:5)
  A crimson imp (D:3)
  Terence (D:3)
  4 orc wizards
  5 gnolls
  6 adders
  2 worms
  A dart slug (D:3)
  16 orcs
  7 ball pythons
  4 bats
  6 endoplasms
  4 giant cockroaches
  4 goblins
  10 hobgoblins
  18 jackals
  8 kobolds
  2 quokkas
  4 frilled lizards
  13 rats
120 creatures vanquished.

Notes
Turn   | Place    | Note
-------+----------+-------------------------------------------
     0 | D:1      | NinjaNoafa the Merfolk Gladiator began the quest for the
                  | Orb.
     0 | D:1      | Reached XP level 1. HP: 16/16 MP: 1/1
   118 | D:1      | Reached skill level 1 in Stealth
   118 | D:1      | Reached XP level 2. HP: 23/23 MP: 2/2
   559 | D:1      | Reached XP level 3. HP: 10/28 MP: 3/3
  1391 | D:2      | Reached XP level 4. HP: 34/35 MP: 4/4
  1495 | D:2      | Reached skill level 4 in Short Blades
  1522 | D:2      | Reached skill level 5 in Dodging
  1944 | D:2      | Reached XP level 5. HP: 41/41 MP: 5/5
  2444 | D:3      | Noticed Terence
  2483 | D:3      | Killed Terence
  2681 | D:3      | Found a sparkling altar of Nemelex Xobeh.
  2777 | D:3      | Found a radiant altar of Vehumet.
  2777 | D:3      | Found a burning altar of Makhleb.
  2797 | D:3      | Reached XP level 6. HP: 47/47 MP: 6/6
  3307 | D:4      | Reached skill level 5 in Short Blades
  3395 | D:4      | Reached skill level 5 in Stealth
  3540 | D:4      | HP: 1/47 [something/puff of flame (7)]
  3651 | D:4      | Found a hazy altar of Hepliaklqana.
  4119 | D:4      | Noticed a black bear
  4127 | D:4      | Killed a black bear
  4128 | D:4      | Reached skill level 6 in Short Blades
  4128 | D:4      | Reached XP level 7. HP: 47/52 MP: 7/7
  4339 | D:5      | Entered Level 5 of the Dungeon
  4382 | D:5      | Reached skill level 7 in Short Blades
  4857 | D:5      | HP: 2/78 [orc priest/divine providence (13)]
  4857 | D:5      | Slain by an orc

Illustrated notes

Levels and vault maps discovered:
D:1:      spicycebolla_green_bress_n_ham, layout_loops_corners,
          minmay_hexomino_p4
D:2:      minmay_chambers_of_ones, layout_basic, cheibrodos_gnoll_hut
D:3:      layout_basic, mainiacjoe_overflow_boulevard,
          grunt_temple_overflow_lords_of_destruction, uniq_terence
D:4:      layout_gridville, mainiacjoe_overflow_six_doors_small,
          portal_sewer_entry_d
D:5:      wander_river, layout_loops_ring, mainiacjoe_overflow_brackets,
          minmay_temple_entry_offerings

Skill      XL: |  1  2  3  4  5  6  7 |
---------------+----------------------+-----
Stealth        | 1 2 3 4 5 |  5.8
Fighting       | 3 |  3.0
Short Blades   | 4 6 7 |  7.0
Dodging        | 5 6 |  6.0
Throwing       | |  2.0

Action                   |  1- 3 |  4- 6 |  7- 9 || total
-------------------------+-------+-------+-------++-------
Melee: Rapier            |   155 |   218 |    90 ||   463
       Punch             |     1 |     3 |     1 ||     5
       Short sword       |       |    12 |       ||    12
       Tailslap          |       |       |     3 ||     3
Throw: Javelin           |       |     6 |       ||     6
       Stone             |       |    14 |       ||    14
       Dart              |       |     5 |     1 ||     6
       Throwing net      |       |     3 |       ||     3
Evoke: Wand              |       |     2 |       ||     2
  Use: Scroll            |       |     9 |     1 ||    10
       Potion            |       |     6 |     4 ||    10
 Stab: Sleeping          |     4 |     9 |     1 ||    14
       Held in net/web   |       |     1 |       ||     1
Armor: Leather armour    |    42 |    68 |    33 ||   143
       Skin              |       |       |     9 ||     9
Dodge: Dodged            |   127 |   153 |    66 ||   346

Table legend: (Time is in decaauts)
 A = Elapsed time spent in this place.
 B = Non-inter-level travel time spent in this place.
 C = Inter-level travel time spent in this place.
 D = Time resting spent in this place.
 E = Time spent auto-exploring this place.
 F = Levels seen in this place.
 G = Mean time per level.
                   A        B        C        D        E       F      G
               +--------+--------+--------+--------+--------+-----+--------+
         Total |   4821 |   4652 |    169 |      0 |   3452 |   5 |  964.2 |
       Dungeon |   4821 |   4652 |    169 |      0 |   3452 |   5 |  964.2 |
               +--------+--------+--------+--------+--------+-----+--------+

Top non-repeatable levels by time:
     D:1: 1196 daAuts
     D:4: 1165 daAuts
     D:3: 1076 daAuts
     D:2: 888 daAuts
     D:5: 494 daAuts
